 Dungeon Crawl Stone Soup version 0.13.0-26-gf7ffa3a (webtiles) character file.

2059 MackTheKnife the Covert (level 8, 0/52 HPs)
             Began as a Vampire Enchanter on Oct 31, 2013.
             Slain by an orange rat (12 damage)
             ... on Level 7 of the Dungeon.
             The game lasted 00:22:56 (10409 turns).

MackTheKnife the Covert (Vampire Enchanter)        Turns: 10409, Time: 00:22:56

HP   0/52        AC  8     Str  7      XL: 8   Next: 85%
MP  13/17        EV 10     Int 17      God:
Gold 236         SH  0     Dex 16      Spells:  3 memorised,  4 levels left

Res.Fire  : + . .   See Invis. : +   w - +2,+1 dwarf short sword
Res.Cold  : . . .   Warding    : .   q - +0 leather armour
Life Prot.: + . .   Conserve   : .   (no shield)
Res.Poison: .       Res.Corr.  : .   E - +2 wizard hat
Res.Elec. : .       Clarity    : .   (no cloak)
Sust.Abil.: . .     Spirit.Shd : .   p - +1 pair of orc gloves
Res.Mut.  : .       Stasis     : .   u - +0 pair of dwarf boots
Res.Rott. : .       Flight     : .   (no amulet)
Saprovore : . . .                    (no ring)
                                     l - ring of protection from fire

@: somewhat resistant to hostile enchantments, extremely stealthy
A: bottle blood, fangs 3, see invisible, unbreathing
a: Bat Form, Bottle Blood


You were on level 7 of the Dungeon.
You were not thirsty.

You visited 1 branch of the dungeon, and saw 7 of its levels.

You collected 242 gold pieces.
You spent 26 gold pieces at shops.


Innate Abilities, Weirdness & Mutations

You can bottle blood from corpses.
You have razor-sharp teeth.*
You have supernaturally acute eyesight.
You can survive without breathing.*


   Skills:
 + Level 5.9 Short Blades
 - Level 0.7 Throwing
 - Level 2.1 Dodging
 + Level 10.5 Stealth
 - Level 3.2 Spellcasting
 + Level 10.5 Hexes


You had 4 spell levels left.
You knew the following spells:

 Your Spells              Type           Power        Failure   Level  Hunger
x - Confuse               Hex            #####...     1%          3    ###....
y - Enslavement           Hex            #####...     2%          4    ####...
z - Ensorcelled Hibernat  Hex/Ice        ###...       2%          2    ##.....

Inventory:

Hand weapons
 w - a +2,+1 dwarven short sword (weapon)
 x - a -1 orcish blowgun
Missiles
 y - 33 poisoned needles
Armour
 p - a +1 pair of orcish gloves (worn)
 q - a +0 leather armour (worn)
 u - a +0 pair of dwarven boots (worn)
 E - a +2 wizard hat (worn)
Magical devices
 d - a wand of fire (0)
 v - a wand of slowing (17)
Scrolls
 a - 2 scrolls of identify
 h - 2 scrolls of teleportation
 k - a scroll of blinking
Jewellery
 f - an uncursed amulet of stasis
 l - a ring of protection from fire (left hand)
 r - an uncursed ring of invisibility
 z - an uncursed ring of fire
Potions
 e - a potion of resistance
 i - 2 potions of restore abilities
 j - a potion of porridge {unknown}
 m - 2 potions of curing
 n - a potion of poison {unknown}
 o - a potion of agility {unknown}
 t - a potion of flight {unknown}
 A - a potion of mutation {unknown}
 D - 2 potions of might
Books
 c - a book of Maledictions

   Spells                             Type                      Level
   Corona                             Hexes                        1
   Sure Blade                         Hexes/Charms                 2
   *Ensorcelled Hibernation           Hexes/Ice                    2
   *Confuse                           Hexes                        3
   *Enslavement                       Hexes                        4
   Invisibility                       Hexes                        6

▒·····[···▒▒▒▒▒···▒▒▒▒···▒
▒··▒▒▒▒···········▒ ▒···▒
▒▒▒▒▒▒▒·)▒ ▒···········▒
▒···▒ ········<▒
▒··▒▒▒▒▒▒···▒ ▒···▒▒
·········▒ ▒··▒ ▒···▒
▒····· ·········▒ ▒··▒
▒···▒ ▒····· ▒▒▒▒▒▒▒··▒
▒··▒▒▒▒ ▒···▒ ▒····· ▒··▒
▒·····▒▒▒···▒ ▒···▒▒ ▒··▒
▒··▒V··▒▒···▒ ▒···▒ ▒··▒
▒··▒▒r▒▒▒···▒ ▒···▒ ▒··▒
▒·▒▒·▒▒ ▒···▒ ▒···▒ ▒··▒
▒·▒▒▒%▒▒▒···▒▒▒▒···▒ ▒··▒
▒·▒ ▒▒·▒▒··········▒
▒··▒▒▒▒·▒▒rrr▒▒··········▒
▒·······▒·rrrr▒··········▒
▒·······▒·r·r·▒··········▒
▒···▒▒▒·▒%·%·%▒··········▒


You could see an orange rat.


Message History

The grey rat bites you.
You hit the grey rat.
The grey rat is severely wounded.
The grey rat bites you.
You miss the grey rat.
The grey rat is severely wounded.
The grey rat barely misses you.
You hit the grey rat.
You kill the grey rat!
The orange rat bites you.
You see here 3 cheeses.
You closely miss the orange rat. The orange rat barely misses you.
The orange rat bites you!
* * * LOW HITPOINT WARNING * * *
You barely miss the orange rat. The orange rat closely misses you.
You hit the orange rat.
The orange rat is lightly wounded.
The orange rat bites you!
* * * LOW HITPOINT WARNING * * *
Unknown command.
Aiming: Ensorcelled Hibernation
Aim: an orange rat (lightly wounded)
The orange rat resists with some effort.
The orange rat barely misses you.
Aiming: Ensorcelled Hibernation
Aim: an orange rat (lightly wounded)
The orange rat resists with some effort.
The orange rat bites you but does no damage.
The orange rat bites you!
You die...

Action                   |  1- 3 |  4- 6 |  7- 9 || total
-------------------------+-------+-------+-------++-------
Melee: Dagger            |   182 |    81 |       ||   263
       Short sword       |       |   184 |   300 ||   484
 Cast: Ensorcelled Hiber |    13 |    46 |    34 ||    93
       Confuse           |       |     3 |    26 ||    29
       Enslavement       |       |       |     1 ||     1
Evoke: Wand              |       |       |     5 ||     5
  Use: Potion            |     1 |     1 |     4 ||     6
       Scroll            |       |    11 |    10 ||    21
 Stab: Sleeping          |    11 |    45 |    26 ||    82
       Distracted        |       |     1 |     1 ||     2
       Confused          |       |       |    12 ||    12

Vault maps used:
D:1:      dpeg_entry_houses_and_road, serial_glass, glass_columns_a,
          glass_columns_a, feat_on_display, item_on_display_a,
          lemuel_old_faithful
D:2:      minivault_4, serial_bayou_pond_c, glass_columns_c, grunt_ministairs_1,
          minmay_bisected
D:5:      first_bread, serial_shops, shop, vehumet_altar_wand_db
D:6:      minmay_temple_entry_from_below_a, dk_yredelemnul_ordeal
D:7:      tso_oasis_becter, grunt_rat_hole

Notes
Turn   | Place    | Note
--------------------------------------------------------------
     0 | D:1      | MackTheKnife, the Vampire Enchanter, began the quest for the Orb.
     0 | D:1      | Reached XP level 1. HP: 13/13 MP: 4/4
   282 | D:1      | Reached XP level 2. HP: 19/19 MP: 5/5
   287 | D:1      | Learned a level 2 spell: Ensorcelled Hibernation
   453 | D:1      | Reached skill level 5 in Hexes
  1270 | D:2      | Reached XP level 3. HP: 24/24 MP: 4/7
  1994 | D:2      | Reached skill level 4 in Stealth
  1994 | D:2      | Reached skill level 2 in Spellcasting
  2000 | D:2      | Learned a level 3 spell: Confuse
  2030 | D:2      | Reached XP level 4. HP: 28/30 MP: 0/9
  3065 | D:3      | Reached skill level 6 in Hexes
  3179 | D:3      | Reached skill level 5 in Stealth
  3179 | D:3      | Reached XP level 5. HP: 35/35 MP: 11/11
  4563 | D:4      | Reached skill level 3 in Spellcasting
  5102 | D:4      | Reached XP level 6. HP: 41/41 MP: 13/13
  5140 | D:4      | Learned a level 4 spell: Enslavement
  5147 | D:4      | Reached skill level 7 in Hexes
  5201 | D:4      | Reached skill level 6 in Stealth
  5546 | D:5      | Entered Level 5 of the Dungeon
  5551 | D:5      | Reached skill level 2 in Short Blades
  5685 | D:5      | Found a radiant altar of Vehumet.
  6204 | D:5      | Reached skill level 7 in Stealth
  6316 | D:5      | Reached XP level 7. HP: 46/46 MP: 15/15
  6337 | D:5      | Reached skill level 8 in Hexes
  6856 | D:5      | Found Crif's General Store.
  6861 | D:5      | Bought a scroll of identify for 26 gold pieces
  6978 | D:5      | Noticed Malachi's ghost (average DDBe)
  7644 | D:6      | Reached skill level 3 in Short Blades
  8007 | D:6      | Reached skill level 8 in Stealth
  8167 | D:6      | Found a basalt altar of Yredelemnul.
  8381 | D:6      | Reached skill level 9 in Hexes
  8418 | D:6      | Found a staircase to the Ecumenical Temple.
  8421 | D:6      | Reached skill level 4 in Short Blades
  8421 | D:6      | Reached XP level 8. HP: 31/52 MP: 2/17
  8891 | D:6      | Reached skill level 9 in Stealth
  9169 | D:7      | Found a glowing golden altar of the Shining One.
  9783 | D:7      | Reached skill level 5 in Short Blades
  9814 | D:7      | Reached skill level 10 in Hexes
  9833 | D:7      | Reached skill level 10 in Stealth
 10409 | D:7      | Slain by an orange rat

Vanquished Creatures
  A hippogriff (D:7)
  A sky beast (D:7)
  A phantom (D:6)
  An ogre (D:6)
  3 giant frogs
  4 killer bees (D:7)
  5 wights (D:7)
  2 hounds
  3 crimson imps
  A giant frog skeleton (D:5)
  2 orc priests (D:5)
  A jelly (D:7)
  2 orc wizards
  3 worker ants
  A hound zombie (D:7)
  A worker ant zombie (D:5)
  14 adders
  6 worms
  A scorpion zombie (D:7)
  A grey rat (D:7)
  3 giant eyeballs
  5 giant geckos
  22 orcs
  10 giant cockroaches
  14 goblins
  19 hobgoblins
  15 jackals
  17 kobolds
  3 ball pythons
  16 bats
  2 giant newts
  A gnoll skeleton (D:4)
  A goblin zombie (D:6)
  2 hobgoblin skeletons
  A kobold zombie (D:6)
  3 quokkas (D:4)
  A quokka zombie (D:5)
  16 rats
  A rat skeleton (D:5)
  A rat zombie (D:7)
207 creatures vanquished.

Vanquished Creatures (collateral kills)
  A wight (D:7)
1 creature vanquished.

Vanquished Creatures (others)
  A rat (D:1)
1 creature vanquished.

Grand Total: 209 creatures vanquished
